 Dungeon Crawl Stone Soup version 0.28-b1-25-g9875b3fc8c (webtiles) character file.

Game seed: 2849835386491766499

162 crazypyro the Chopper (level 5, -2/46 HPs)
             Began as a Minotaur Fighter on Jan 31, 2022.
             Slain by Grinder (9 damage)
             ... while paralysed by Grinder
             ... on level 3 of the Dungeon.
             The game lasted 00:02:53 (1860 turns).

crazypyro the Chopper (Minotaur Fighter)            Turns: 1860, Time: 00:02:54

Health: -2/46      AC:  6    Str: 23    XL:     5   Next: 19%
Magic:  4/4        EV:  2    Int:  5    God:
Gold:   69         SH:  0    Dex:  9    Spells: 4/4 levels left

rFire   . . .      SeeInvis .   a - +0 war axe
rCold   . . .      Faith    .   c - +0 buckler
rNeg    . . .      Spirit   .   b - +0 scale mail
rPois   .          Reflect  .   (helmet restricted)
rElec   .          Harm     .   (no cloak)
rCorr   +          Rampage  .   (no gloves)
Will    .....                   (no boots)
Stlth   ..........              (no amulet)
HPRegen 0.15/turn               p - ring of resist corrosion
MPRegen 0.09/turn               (no ring)

@: paralysed
A: horns 2, retaliatory headbutt
a: no special abilities


You were on level 3 of the Dungeon.
You visited 1 branch of the dungeon, and saw 3 of its levels.

You collected 69 gold pieces.

Inventory:

Hand Weapons
 a - a +0 war axe (weapon)
Missiles
 i - 2 throwing nets (quivered)
Armour
 b - a +0 scale mail (worn)
 c - a +0 buckler (worn)
Jewellery
 p - a ring of resist corrosion (left hand)
Scrolls
 f - 3 scrolls of vulnerability {unknown}
 h - 2 scrolls of blinking {unknown}
 j - 2 scrolls of identify {unknown}
 k - a scroll of amnesia {unknown}
 l - a scroll of magic mapping {unknown}
 n - a scroll of teleportation {unknown}
 o - a scroll of torment {unknown}
 q - a scroll of fear {unknown}
Potions
 d - 2 potions of might
 e - a potion of flight {unknown}
 g - 2 potions of heal wounds {unknown}
 m - 2 potions of curing {unknown}
 r - a potion of resistance {unknown}


   Skills:
 - Level 3.6 Fighting
 * Level 6.5 Axes
 - Level 3.6 Armour
 - Level 3.6 Shields


You had 4 spell levels left.
You didn't know any spells.
Your spell library was empty.

Dungeon Overview and Level Annotations

Branches:
Dungeon (3/15)

Altars:

Annotations:
D:3 Grinder


Innate Abilities, Weirdness & Mutations

You have a pair of horns on your head.
You reflexively headbutt those who attack you in melee.


Message History

Grinder is heavily wounded.
Grinder hits you.
You writhe in agony.
You are too injured to fight recklessly!
You are too injured to fight recklessly!
You are too injured to fight recklessly!
You are too injured to fight recklessly!
You are too injured to fight recklessly!
You closely miss Grinder. Your headbutt misses Grinder.
Grinder is heavily wounded.
Grinder hits you but does no damage.
You barely miss Grinder. You headbutt Grinder!
Grinder is severely wounded.
Grinder blinks!
Grinder says, "FISH!"
Grinder blinks!
Grinder says, "My boss said I was rubbish.
His entrails said otherwise."
You closely miss Grinder.
Grinder is severely wounded.
Grinder gestures at you. Pain shoots through your body!
You closely miss Grinder. Your headbutt misses Grinder.
Grinder is severely wounded.
Grinder blinks!
Grinder no longer looks unusually strong.
Grinder gestures at you. You resist with significant effort.
Found a scroll labelled UPSOV WOSABAGA.
Grinder blinks!
You hit Grinder but do no damage. Your headbutt misses Grinder.
Grinder is severely wounded.
Grinder closely misses you.
You slash Grinder! Your headbutt misses Grinder.
Grinder is almost dead.
Grinder gestures at you.
You suddenly lose the ability to move!
Grinder hits you.
* * * LOW HITPOINT WARNING * * *
You writhe in agony.
* * * LOW HITPOINT WARNING * * *
Grinder says, "Mostly I couldn't keep them alive."
Grinder hits you!
You die...

(..........###
........................
.......?...............>
........................
.....................##.
........................
.....................##.
......................##.
.........@.............##.
...)......5............##.
.......................##.
..........................
........................#.
............).............
..........................
.......................###
.......................#


You could see Grinder.

Vanquished Creatures
  A scorpion (D:3)
  2 adders
  4 worms
  2 dart slugs (D:1)
  5 orcs (D:3)
  4 endoplasms
  A giant cockroach (D:1)
  5 goblins
  5 hobgoblins
  2 jackals (D:1)
  3 quokkas
  4 ball pythons
  6 bats
  2 frilled lizards (D:3)
  8 kobolds
  7 rats
61 creatures vanquished.

Notes
Turn   | Place    | Note
-------+----------+-------------------------------------------
     0 | D:1      | crazypyro the Minotaur Fighter began the quest for the Orb.
     0 | D:1      | Reached XP level 1. HP: 19/19 MP: 0/0
   105 | D:1      | Reached skill level 3 in Axes
   202 | D:1      | Reached XP level 2. HP: 25/27 MP: 1/1
   402 | D:1      | Found a faded altar of an unknown god.
   440 | D:1      | Reached skill level 4 in Axes
   508 | D:1      | Reached XP level 3. HP: 31/33 MP: 2/2
  1117 | D:2      | Reached skill level 5 in Axes
  1284 | D:2      | Reached XP level 4. HP: 37/40 MP: 3/3
  1556 | D:3      | Noticed a scorpion
  1560 | D:3      | Killed a scorpion
  1561 | D:3      | Reached skill level 6 in Axes
  1564 | D:3      | Reached XP level 5. HP: 39/46 MP: 4/4
  1809 | D:3      | Noticed Grinder
  1812 | D:3      | Paralysed by Grinder for 7 turns
  1838 | D:3      | Paralysed by Grinder for 2 turns
  1859 | D:3      | Paralysed by Grinder for 7 turns
  1860 | D:3      | Slain by Grinder

Illustrated notes

Levels and vault maps discovered:
D:1:      psy_arrival_basics, layout_basic, ebering_ecumenical_altar_sacrificial
D:2:      layout_rooms
D:3:      layout_basic, uniq_grinder

Skill      XL: |  1  2  3  4 |
---------------+-------------+-----
Axes           | 3 4 5 6 |  6.5
Fighting       | |  3.6
Armour         | |  3.6
Shields        | |  3.6

Action                   |  1- 3 |  4- 6 || total
-------------------------+-------+-------++-------
Melee: War axe           |    91 |    40 ||   131
       Headbutt          |     9 |     4 ||    13
Armor: Scale mail        |    54 |    16 ||    70
Dodge: Dodged            |    44 |     8 ||    52
Block: Buckler           |    26 |     7 ||    33
